 Dungeon Crawl Stone Soup version 0.28-a0-172-g787e458d71 (webtiles) character file.

Game seed: 821783155909956820

33 porpoise the Skirmisher (level 3, -4/31 HPs)
             Began as a Palentonga Fighter on Aug 17, 2021.
             Slain by an iguana (8 damage)
             ... on level 3 of the Dungeon.
             The game lasted 00:05:22 (1570 turns).

porpoise the Skirmisher (Palentonga Fighter)        Turns: 1570, Time: 00:05:23

Health: -4/31      AC:  7    Str: 20    XL:     3   Next: 12%
Magic:  3/3        EV:  3    Int:  8    God:
Gold:   69         SH:  7    Dex:  9    Spells: 2/2 levels left

rFire   . . .      SeeInvis +   a - +1 war axe
rCold   . . .      Faith    .   c - +0 kite shield
rNeg    . . .      Spirit   .   g - +0 chain mail
rPois   +          Reflect  .   (no helmet)
rElec   .          Harm     .   (no cloak)
rCorr   .          Rampage  .   (no gloves)
Will    .....                   (no barding)
Stlth   ..........              (no amulet)
HPRegen 0.10/turn               j - ring of poison resistance
MPRegen 0.08/turn               (no ring)

@: no status effects
A: large, rugged brown scales 3, see invisible, deformed body, roll 1, armoured
tail
a: Rolling Charge


You were on level 3 of the Dungeon.
You visited 1 branch of the dungeon, and saw 3 of its levels.

You collected 69 gold pieces.

Inventory:

Hand Weapons
 a - a +1 war axe (weapon)
Missiles
 e - a stone
 p - 26 arrows
 q - 17 sling bullets
Armour
 c - a +0 kite shield (worn)
 g - a +0 chain mail (worn)
Jewellery
 j - a ring of poison resistance (left hand)
Scrolls
 h - 2 scrolls of torment
Potions
 d - a potion of might
 l - a potion of invisibility
 m - a potion of flight {unknown}
 n - a potion of heal wounds {unknown}
 o - 2 potions of haste


   Skills:
 * Level 3.6 Fighting
 * Level 2.9 Axes
 - Level 2.4 Armour
 + Level 2.5 Shields


You had 2 spell levels left.
You didn't know any spells.
Your spell library contained the following spells:

 Spells                   Type           Power      Damage    Failure   Level
 Stone Arrow              Conj/Erth      0%         3d7       100%        3
 Bolt of Magma            Conj/Fire/Erth 0%         4d4       100%        5
 Summon Forest            Summ/Tloc      0%         N/A       100%        5
 Eringya's Noxious Bog    Tmut/Pois      0%         N/A       100%        6
 Summon Hydra             Summ           0%         N/A       100%        7
 Shatter                  Erth           0%         3d5*      100%        9


Dungeon Overview and Level Annotations

Branches:
Dungeon (3/15)

Altars:

Annotations:
D:2 1 runed translucent door, Crazy Yiuf, Terence


Innate Abilities, Weirdness & Mutations

You are completely covered in rugged brown scales. (AC +3, +7% HP)
You have supernaturally acute eyesight. (SInv)
Armour fits poorly on your strangely shaped body.
You can roll at nearby foes to attack.
You have a long armoured tail.


Message History

You hear the slow rusting of a drain.
An endoplasm comes into view.
Roll where?
Press: ? - help, Dir - move target, f - endoplasm
Aim: an endoplasm You roll forward with a clatter of scales!
You completely miss the endoplasm.
You hear an angry hiss. x2
The endoplasm freezes you.
You are frozen.
You slash the endoplasm!
You kill the endoplasm!
You start resting.
A ball python comes into view.
An iguana comes into view.
The iguana hisses angrily.
The ball python hisses angrily.
Roll where?
Press: ? - help, Dir - move target, f - ball python
Aim: a ball python You roll forward with a clatter of scales!
Your shield and chain mail prevent you from hitting the ball python.
The ball python bites you but does no damage.
You block the ball python's attack.
You slash the ball python!
You kill the ball python!
You block the iguana's attack.
You slash the iguana!
The iguana is almost dead.
The iguana barely misses you.
You hit the iguana.
The iguana is almost dead.
The iguana bites you! The iguana bites you.
You closely miss the iguana.
The iguana is almost dead.
The iguana bites you!
* * * LOW HITPOINT WARNING * * *
You hit the iguana but do no damage.
The iguana is almost dead.
The iguana completely misses you. The iguana bites you!
You die...

# #.
#.#########
#......<..##
###........#
#.######.#
#.# # #@# #l#
#.# #.#
........#+
#.....#....
#.###....#...
# #.###.##
#.# ##


You could see an iguana.

Vanquished Creatures
  A worm (D:2)
  3 ball pythons
  5 endoplasms
  A giant cockroach (D:1)
  3 goblins
  2 jackals (D:2)
  A kobold (D:1)
  A quokka (D:2)
  A bat (D:1)
  5 frilled lizards
  5 rats
28 creatures vanquished.

Vanquished Creatures (others)
  6 plants (D:2)
  13 withered plants (D:2)
19 creatures vanquished.

Grand Total: 47 creatures vanquished

Notes
Turn   | Place    | Note
-------+----------+-------------------------------------------
     0 | D:1      | porpoise the Palentonga Fighter began the quest for the
                  | Orb.
     0 | D:1      | Reached XP level 1. HP: 19/19 MP: 1/1
   152 | D:1      | Reached XP level 2. HP: 8/25 MP: 2/2
  1129 | D:2      | Reached XP level 3. HP: 31/31 MP: 3/3
  1418 | D:2      | Found a runed translucent door.
  1419 | D:2      | Noticed Crazy Yiuf
  1448 | D:2      | Noticed Terence
  1570 | D:3      | Slain by an iguana

Illustrated notes

Levels and vault maps discovered:
D:1:      dpeg_arrival_rooms_a, layout_rooms, minmay_hexomino_u4
D:2:      layout_basic, shapermc_ecumenical_altar_flowoftime,
          uniq_crazy_yiuf_cottage, uniq_terence
D:3:      minmay_chambers_of_threes, layout_loops_ring, grunt_qazlal_sundering,
          portal_sewer_entry_c, ebering_ghost_sewer_d, serial_shops, shop_coins,
          shop, shop, shop, nicolae_shop_behind_doors, corner_web_ring,
          uniq_robin

Action                   || total
-------------------------++-------
Melee: War axe           ||    77
       Tailslap          ||     5
 Abil: Rolling Charge    ||     7
  Use: Scroll            ||     6
Armor: Scale mail        ||    10
       Chain mail        ||    20
Dodge: Dodged            ||     9
Block: Kite shield       ||    29

Table legend: (Time is in decaauts)
 A = Elapsed time spent in this place.
 B = Non-inter-level travel time spent in this place.
 C = Inter-level travel time spent in this place.
 D = Time resting spent in this place.
 E = Time spent auto-exploring this place.
 F = Levels seen in this place.
 G = Mean time per level.
                   A        B        C        D        E       F      G
               +--------+--------+--------+--------+--------+-----+--------+
         Total |   1614 |   1605 |      9 |    440 |    772 |   3 |  538.0 |
       Dungeon |   1614 |   1605 |      9 |    440 |    772 |   3 |  538.0 |
               +--------+--------+--------+--------+--------+-----+--------+

Top non-repeatable levels by time:
     D:2: 761 daAuts
     D:1: 759 daAuts
     D:3: 93 daAuts
